 Dungeon Crawl Stone Soup version 0.30-a0-996-ga6910c8ee8 (webtiles) character file.

Game seed: 17305276122594107525

7 cforsyth the Caller (level 2, 0/17 HPs)
             Began as an Octopode Summoner on Apr 5, 2023.
             Slain by an adder (3 damage)
             ... on level 2 of the Dungeon.
             The game lasted 00:01:14 (306 turns).

cforsyth the Caller (Octopode Summoner)              Turns: 306, Time: 00:01:15

Health: 0/17       AC:  1    Str:  7    XL:     2   Next: 0%
Magic:  0/5        EV: 13    Int: 17    God:
Gold:   20         SH:  0    Dex: 12    Spells: 4/5 levels left

rFire   . . .      SeeInvis .    (no weapon)
rCold   . . .      Faith    .    (no shield)
rNeg    . . .      Spirit   .    (helmet restricted)
rPois   .          Reflect  .    (no amulet)
rElec   .          Rampage  .    (no ring)
rCorr   .                        (no ring)
Will    .....                    (no ring)
Stlth   +++                      (no ring)
HPRegen 0.22/turn                (no ring)
MPRegen 0.09/turn                (no ring)
                                 (no ring)
                                 (no ring)

@: no status effects
A: almost no armour, amphibious, 8 rings, camouflage 1, gelatinous body 1,
(nimble swimmer 1), tentacles
a: no special abilities


You were on level 2 of the Dungeon.
You visited 1 branch of the dungeon, and saw 2 of its levels.

You collected 20 gold pieces.

Inventory:

Potions
 a - a potion of magic
 b - a potion of curing {unknown}


   Skills:
 - Level 2.0 Dodging
 - Level 2.6 Stealth
 + Level 2.2 Spellcasting
 + Level 4.2 Summonings


You had 4 spell levels left.
You knew the following spells:

 Your Spells              Type           Power      Damage    Failure   Level
a - Summon Small Mammal   Summ           64%        N/A       3%          1

Your spell library contained the following spells:

 Spells                   Type           Power      Damage    Failure   Level
 Call Imp                 Summ           16%        N/A       4%          2
 Call Canine Familiar     Summ           16%        N/A       10%         3
 Summon Guardian Golem    Hex/Summ       9%         N/A       24%         3
 Summon Lightning Spire   Summ/Air       9%         N/A       61%         4


Dungeon Overview and Level Annotations

Branches:
Dungeon (1/15)

Altars:


Innate Abilities, Weirdness & Mutations

You cannot wear most types of armour.
You are amphibious.
You can wear up to eight rings at the same time.
Your skin changes colour to match your surroundings (Stealth+).
Your rubbery body absorbs attacks. (AC +1, EV +1)
((You are camouflaged when in or above water. (Stealth+)))
You have tentacles for arms and can constrict up to eight enemies at once.


Message History

You swap places.
The adder barely misses your rat.
Your rat barely misses the adder.
The adder bites your rat.
Your rat barely misses the adder.
The adder bites your rat.
Your rat dies!
Your rat's corpse disappears in a puff of smoke!
Your magical contamination has completely faded away.
Casting: Summon Small Mammal (safe; 3% risk of failure)
Confirm with . or Enter, or press ? or * to list all spells.
Your rat misses the adder. Your rat misses the adder.
Your rat bites the adder.
Casting: Summon Small Mammal (safe; 3% risk of failure)
Confirm with . or Enter, or press ? or * to list all spells.
The adder bites you.
You are poisoned.
The adder poisons you!
Your rat bites the adder.
The adder bites you.
You are more poisoned.
The adder poisons you!
You feel sick. The adder misses your bat.
Your rat closely misses the adder.
Your bat hits the adder but does no damage.
You feel sick.
Your bat closely misses the adder.
You feel sick.
Your bat closely misses the adder.
The adder misses your bat.
Your rat misses the adder.
Your bat closely misses the adder.
The hobgoblin barely misses your bat.
You feel sick.
Your bat barely misses the adder.
The adder bites your bat.
Your bat dies!
Your bat's corpse disappears in a puff of smoke!
You feel sick. The kobold misses your rat.
You feel sick.
You feel sick.
Casting: Summon Small Mammal (safe; 3% risk of failure)
Confirm with . or Enter, or press ? or * to list all spells.
You don't have enough magic to cast this spell.
You feel sick.
You are no longer poisoned.
Casting: Summon Small Mammal (safe; 3% risk of failure)
Confirm with . or Enter, or press ? or * to list all spells.
Your rat closely misses the hobgoblin.
The adder bites you.
You die...

........# ..#..#..#
###################
.#..#...###.................#####
#..#........####.K.Sr.Kg........#
..#..#......# #r##########.###.#
.#..#...###.# #.# #.# #.#
......#.# #.# #g# #.# #g#
.######.###.# #S# #.# #..
######....[## #@# #.# ###
.........#...###.# #.#
########........r# #.# #
#.#>..##### #.# # #.#..## #
#.#.## . #.#.# .# #|#.# # #.#.#


You could see an adder (ally target), a hobgoblin, a kobold, a friendly quokka
(summoned) and a friendly rat (summoned).

Vanquished Creatures (collateral kills)
  3 endoplasms (D:1)
  A goblin (D:1)
  2 ball pythons
6 creatures vanquished.

Notes
Turn   | Place    | Note
-------+----------+-------------------------------------------
     0 | D:1      | cforsyth the Octopode Summoner began the quest for the Orb.
     0 | D:1      | Reached XP level 1. HP: 11/11 MP: 3/3
   168 | D:1      | You fall into a shaft and drop 1 floor!
   188 | D:2      | Reached XP level 2. HP: 17/17 MP: 1/5
   306 | D:2      | Slain by an adder

Illustrated notes

Levels and vault maps discovered:
D:1:      psy_arrival_dodecagon, layout_loops_cross
D:2:      layout_loops_ring, minmay_misc_feat_diagonals, minmay_pentomino_pile,
          uniq_sigmund

Action                     || total
---------------------------++-------
  Melee: Unarmed           ||     1
         Constrict         ||     1
   Cast: Summon Small Mamm ||    14
 Armour: Skin              ||     1
  Dodge: Dodged            ||     8

Table legend: (Time is in decaauts)
 A = Elapsed time spent in this place.
 B = Non-inter-level travel time spent in this place.
 C = Inter-level travel time spent in this place.
 D = Time resting spent in this place.
 E = Time spent auto-exploring this place.
 F = Levels seen in this place.
 G = Mean time per level.
                   A        B        C        D        E       F      G
               +--------+--------+--------+--------+--------+-----+--------+
         Total |    305 |    305 |      0 |      0 |    206 |   2 |  152.5 |
       Dungeon |    305 |    305 |      0 |      0 |    206 |   2 |  152.5 |
               +--------+--------+--------+--------+--------+-----+--------+

Top non-repeatable levels by time:
     D:1: 168 daAuts
     D:2: 137 daAuts
